Map: 로맨티사이드 - 래더

Players

Stats - Winner!

  • Race: Protoss Protoss
  • League: Grandmaster
  • Spawn Location: 11:00

ByuN

  • Race: Terran Terran
  • League: Diamond
  • Spawn Location: 5:00

VOD

Have the link to the VOD?

Description

Time

  • Played on: Dec. 15, 2020, 9:39 a.m.
  • Length: 20:24
Show
View Real Time Build Order
Export as new Build Order

Stats Protoss - Winner!

Build Orders: 1 Gate Expand, Phoenix Opening, Colossus Rush 

Get SALT Encoding   

  12  0:00  Probe  
  13  0:12  Probe  
  14  0:17  Pylon  
  14  0:24  Probe (Chrono Boost)  
  15  0:36  Probe (Chrono Boost)  
  15  0:37  Gateway  
  16  0:44  Probe (Chrono Boost)  
  16  0:45  Assimilator  
  17  0:51  Probe  
  18  1:03  Probe  
  19  1:15  Probe  
  20  1:23  Cybernetics Core  
  20  1:31  Nexus  
  20  1:34  Probe  
  21  1:41  Pylon  
  21  1:45  Assimilator  
  21  1:48  Probe  
  22  1:57  Adept (Chrono Boost)  
  22  2:00  Probe  
  25  2:05  Shield Battery  
  25  2:12  Probe  
  26  2:19  Stargate  
  26  2:20  Adept (Chrono Boost)  
  26  2:26  Probe  
  29  2:34  Warp Gate  
  29  2:42  Probe (Chrono Boost)  
  29  2:43  Probe (Chrono Boost)  
  31  2:49  Adept  
  34  2:53  Probe (Chrono Boost)  
  34  2:54  Probe (Chrono Boost)  
  34  2:58  Probe (Chrono Boost)  
  35  3:03  Probe  
  37  3:08  Phoenix  
  37  3:10  Probe (Chrono Boost)  
  37  3:12  Pylon  
  40  3:19  Probe (Chrono Boost)  
  41  3:22  Probe (Chrono Boost)  
  42  3:29  Probe (Chrono Boost)  
  42  3:30  Probe (Chrono Boost)  
  42  3:33  Phoenix, Gateway  
  46  3:37  Probe (Chrono Boost)  
  46  3:40  Robotics Facility, Probe (Chrono Boost)  
  48  3:44  Assimilator  
  48  3:49  Probe (Chrono Boost)  
  48  3:51  Pylon  
  50  3:57  Probe (Chrono Boost)  
  50  3:58  Phoenix  
  52  4:03  Probe (Chrono Boost)  
  52  4:04  Probe  
  52  4:09  Shield Battery  
  54  4:15  Nexus  
  54  4:20  Pylon  
  54  4:24  Sentry  
  54  4:28  Adept  
  54  4:29  Probe x2  
  60  4:39  Assimilator  
  60  4:41  Immortal (Chrono Boost), Probe x2  
  66  4:48  Robotics Bay  
  66  4:52  Shield Battery  
  66  4:53  Probe x2  
  66  4:58  Pylon  
  68  5:12  Probe x2  
  70  5:14  Observer (Chrono Boost)  
  70  5:16  Phoenix  
  73  5:23  Pylon  
  73  5:24  Gateway, Probe x2 (Chrono Boost)  
  73  5:28  Gateway  
  75  5:29  Probe (Chrono Boost)  
  75  5:35  Colossus (Chrono Boost)  
  76  5:36  Probe x2 (Chrono Boost)  
  76  5:41  Phoenix  
  87  5:43  Probe (Chrono Boost)  
  87  5:45  Probe x2 (Chrono Boost)  
  87  5:48  Probe (Chrono Boost)  
  90  5:50  Probe x2  
  92  5:57  Forge, Twilight Council  
  92  6:02  Probe  
  92  6:03  Extended Thermal Lance, Probe x2  
  95  6:09  Pylon  
  95  6:10  Pylon x2  
  95  6:18  Colossus (Chrono Boost)  
  95  6:19  Gateway  
  95  6:21  Gateway  
  101  6:32  Zealot x4  
  109  6:34  Charge  
  108  6:40  Protoss Ground Weapons Level 1 (Chrono Boost)  
  108  6:45  Pylon  
  108  6:46  Pylon  
  110  6:51  Pylon  
  110  6:53  Zealot x3, Pylon  
  116  6:55  Zealot  
  107  7:15  Colossus  
  95  7:16  Zealot x5, Pylon  
  95  7:17  Probe x3  
  95  7:21  Zealot  
  101  7:24  Phoenix  
  101  7:27  Pylon  
  101  7:29  Probe  
  108  7:30  Pylon  
  108  7:32  Probe x2  
  110  7:43  Probe, Assimilator x2  
  111  7:44  Probe x2  
  113  7:52  Phoenix  
  113  7:53  Sentry  
  113  7:55  Probe  
  113  7:56  Probe  
  113  7:57  Sentry, Probe  
  122  8:08  Pylon  
  122  8:09  Warp Prism  
  124  8:13  Forge  
  124  8:15  Gateway  
  124  8:16  Gateway, Probe x3  
  124  8:19  Pylon  
  127  8:20  Pylon  
  127  8:36  Protoss Ground Weapons Level 2 (Chrono Boost), Protoss Ground Armor Level 1  
  127  8:38  Stalker x5  
  127  8:39  Stalker, Phoenix  
  141  8:53  Photon Cannon  
  141  9:02  Zealot x5  
  146  9:04  Phoenix  
  152  9:16  Zealot x3  
  158  9:20  Observer (Chrono Boost)  
  159  9:29  Templar Archives  
  159  9:32  Stalker x5  
  159  9:37  Blink  
  169  9:47  Zealot x3  
  173  10:07  Nexus  
  173  10:10  High Templar x3, Pylon  
  173  10:11  High Templar  
  173  10:14  Pylon, Archon x2  
  181  10:15  Pylon  
  181  10:18  Pylon  
  181  10:27  Pylon  
  181  10:36  Zealot x4  
  181  10:37  Protoss Ground Armor Level 2 (Chrono Boost)  
  185  10:51  Zealot x4  
  185  10:54  Dark Shrine  
  193  10:57  Zealot x3  
  193  10:59  Protoss Ground Weapons Level 3 (Chrono Boost)  
  193  11:03  Gateway  
  193  11:04  Gateway  
  199  11:07  Observer (Chrono Boost)  
  200  11:12  Gateway  
  200  11:13  Gateway  
  199  11:58  Stalker x2  
  200  12:14  Gateway  
  198  12:30  Gateway  
  198  12:31  Gateway, Nexus  
  198  12:32  Pylon  
  198  12:34  Gateway  
  198  12:35  Shadow Stride  
  198  12:46  Protoss Shields Level 1 (Chrono Boost)  
  198  13:00  Nexus  
  198  13:01  Pylon  
  198  13:22  Zealot  
  198  13:31  Protoss Ground Armor Level 3 (Chrono Boost)  
  196  13:44  Dark Templar x2  
  180  14:24  Dark Templar  
  180  14:25  Dark Templar x3, Zealot x7  
  198  14:36  Stalker  
  200  14:40  Assimilator  
  200  14:41  Assimilator  
  200  14:44  Shield Battery, Photon Cannon  
  200  14:45  Protoss Shields Level 2 (Chrono Boost)  
  200  14:46  Shield Battery  
  200  14:54  Robotics Facility  
  200  14:57  Disruptor, Robotics Facility  
  199  15:04  Photon Cannon  
  199  15:05  Photon Cannon  
  191  15:36  Disruptor (Chrono Boost)  
  191  15:37  Zealot x3  
  178  15:47  Zealot x4  
  178  15:48  Zealot x9  
  178  15:49  Zealot x3  
  149  15:52  Disruptor x2 (Chrono Boost)  
  113  16:08  Disruptor (Chrono Boost), Stalker  
  113  16:09  Stalker x3  
  113  16:10  Stalker x6  
  113  16:11  Stalker x6  
  148  16:19  Disruptor (Chrono Boost)  
  148  16:20  Disruptor (Chrono Boost)  
  148  16:22  Assimilator  
  148  16:23  Shield Battery, Assimilator  
  148  16:25  Photon Cannon  
  154  16:26  Photon Cannon  
  154  16:27  Shield Battery  
  154  16:37  Stalker x3  
  154  16:38  Stalker x7  
  154  16:39  Stalker x2  
  174  16:49  Zealot x4  
  170  17:04  Dark Templar x4  
  170  17:05  Dark Templar  
  164  17:20  Dark Templar x2  
  164  17:21  Dark Templar x2  
  172  17:37  Zealot x2  
  172  17:38  Zealot x6  
  175  17:59  Dark Templar x6  
  171  18:08  Dark Templar x2  
  87  19:05  Stalker x9  
  105  19:15  High Templar x3  
  105  19:16  High Templar  
  111  19:20  Archon x2  
  111  19:23  High Templar x2  
  115  19:28  Archon  
  115  19:39  Zealot x4  
  123  20:05  Stalker x3  
  123  20:06  Zealot x3  
  126  20:11  Stalker  
Show
View Real Time Build Order
Export as new Build Order

ByuN Terran 

Build Orders:  

Get SALT Encoding   

  12  0:00  SCV  
  13  0:12  SCV  
  14  0:16  Supply Depot  
  14  0:24  SCV  
  15  0:38  Barracks, SCV  
  15  0:42  Refinery  
  16  0:50  SCV  
  17  1:02  SCV  
  18  1:14  SCV  
  19  1:25  Barracks Reactor  
  19  1:26  Orbital Command  
  19  1:40  Command Center  
  19  1:52  SCV  
  20  1:54  Supply Depot  
  20  2:02  Marine x2  
  20  2:04  SCV  
  23  2:16  SCV  
  23  2:20  Marine x2  
  26  2:28  Command Center  
  26  2:31  SCV  
  27  2:38  Marine x2  
  27  2:44  Barracks  
  29  2:47  SCV  
  30  2:53  Orbital Command  
  30  2:59  Marine x2  
  30  3:02  SCV  
  33  3:10  Barracks  
  33  3:19  Marine x2  
  35  3:20  SCV x2  
  35  3:26  Bunker  
  37  3:31  Barracks Tech Lab  
  37  3:32  SCV x2  
  39  3:40  Orbital Command  
  39  3:43  Marine x2  
  39  3:44  SCV x2  
  43  3:49  Engineering Bay  
  43  3:53  Stimpack  
  43  3:56  SCV x2  
  43  3:59  Marine  
  43  4:00  Marine  
  43  4:02  Marine  
  48  4:03  Marine  
  49  4:10  Factory  
  49  4:12  SCV x3  
  49  4:16  Terran Infantry Weapons Level 1  
  52  4:21  Refinery x2  
  52  4:25  SCV x2  
  52  4:26  SCV, Supply Depot  
  52  4:28  Barracks Tech Lab  
  52  4:31  Marine x2  
  55  4:33  Marine  
  55  4:38  SCV x3  
  61  4:43  Missile Turret  
  61  4:50  SCV x3  
  64  4:54  Marine x2  
  64  4:56  Starport, Factory Reactor  
  64  4:57  Marauder  
  68  5:03  Supply Depot  
  68  5:05  SCV  
  68  5:06  Supply Depot  
  68  5:07  Marauder, SCV  
  72  5:08  Refinery, SCV  
  72  5:13  Marine x2  
  75  5:15  Orbital Command  
  75  5:17  SCV  
  75  5:18  Missile Turret  
  75  5:19  SCV  
  77  5:26  Marauder  
  77  5:28  Marauder, Supply Depot  
  81  5:31  Marine x2, Supply Depot  
  83  5:37  SCV x2  
  83  5:40  Factory Reactor  
  83  5:41  SCV  
  86  5:43  Medivac x2  
  86  5:45  Combat Shield  
  90  5:51  SCV x2  
  90  5:53  SCV  
  90  5:56  Concussive Shells  
  93  5:57  Marine x2  
  93  5:58  Marauder x2  
  93  6:00  Missile Turret  
  99  6:07  Barracks  
  99  6:08  SCV  
  99  6:09  Barracks, SCV  
  99  6:10  SCV  
  102  6:15  Medivac  
  102  6:18  Marine x2  
  105  6:20  Marauder  
  108  6:25  Supply Depot, Terran Infantry Armor Level 1  
  108  6:26  Marauder  
  108  6:28  Supply Depot  
  108  6:30  SCV x2  
  109  6:34  SCV  
  109  6:37  Supply Depot  
  109  6:39  Supply Depot  
  106  6:40  Marine x2  
  106  6:42  Widow Mine x2, SCV x2  
  106  6:43  Marauder  
  106  6:46  SCV  
  116  6:49  Medivac  
  116  6:50  Marauder  
  120  7:00  SCV x2  
  122  7:02  Marine x2  
  122  7:03  Barracks Reactor, Widow Mine, Barracks Tech Lab  
  122  7:05  SCV, Marauder  
  128  7:12  SCV x2, Marauder  
  126  7:20  Marine x2, Medivac  
  124  7:23  Marauder  
  124  7:24  SCV  
  124  7:26  Marauder, Refinery x2  
  121  7:32  Barracks  
  121  7:33  Marauder  
  121  7:34  SCV x2  
  121  7:36  Barracks x2  
  121  7:37  SCV  
  126  7:38  Marine  
  126  7:40  Missile Turret  
  126  7:43  Marine x2  
  126  7:44  Marauder, Marine  
  132  7:47  Marauder, Widow Mine  
  132  7:48  Widow Mine  
  138  7:52  Medivac  
  138  7:53  Medivac  
  138  7:54  Marauder  
  138  7:55  Marine  
  145  8:00  Supply Depot  
  145  8:01  Supply Depot  
  145  8:02  Supply Depot  
  145  8:12  Marauder  
  149  8:20  Marine x2  
  149  8:21  Marine x2  
  149  8:22  Medivac  
  149  8:23  Medivac  
  155  8:32  Barracks Reactor, Marauder x2, Command Center, Barracks Tech Lab x2  
  155  8:35  Engineering Bay  
  155  8:36  Armory  
  155  8:42  Widow Mine x2  
  155  8:44  Refinery  
  155  8:46  Supply Depot  
  155  8:47  Supply Depot  
  159  8:51  Marauder x3  
  165  8:55  Supply Depot  
  165  8:58  Marine x3  
  165  9:01  Marauder  
  170  9:11  Marauder  
  170  9:12  Marine  
  170  9:13  Marauder x2, Marine x2  
  179  9:18  Ghost Academy, Supply Depot  
  179  9:23  Supply Depot  
  179  9:24  Terran Infantry Armor Level 2, Terran Infantry Weapons Level 2  
  182  9:34  Starport  
  182  9:39  Viking  
  182  9:40  Viking  
  181  9:47  SCV, Planetary Fortress  
  181  9:48  SCV x2  
  181  9:50  Missile Turret  
  184  9:59  Ghost x2  
  182  10:09  SCV  
  182  10:10  Refinery, SCV x2  
  182  10:11  Refinery  
  182  10:13  Command Center  
  185  10:14  Viking x2  
  185  10:18  Ghost  
  191  10:21  Terran Ship Weapons Level 1  
  191  10:26  Missile Turret  
  191  10:29  Viking  
  191  10:31  Viking  
  191  10:43  Ghost  
  191  10:44  Viking x2  
  191  10:45  Marine x2  
  191  10:47  Marine x2  
  187  10:51  Ghost  
  187  10:53  Marine x3, Marauder x2  
  196  11:03  Marine x2  
  198  11:05  Marine  
  198  11:11  Missile Turret  
  199  11:13  Sensor Tower  
  199  11:14  Missile Turret  
  199  11:16  Sensor Tower, Viking  
  198  11:31  Viking  
  200  11:36  Orbital Command  
  200  11:38  Command Center  
  200  11:45  Terran Infantry Armor Level 3, Terran Infantry Weapons Level 3  
  196  11:55  Viking x2  
  200  12:18  Terran Ship Weapons Level 2  
  200  12:19  Fusion Core, Enhanced Shockwaves  
  200  12:20  Command Center x2  
  200  12:25  Viking  
  200  12:28  Viking  
  200  12:47  Missile Turret  
  200  13:03  Marine x2  
  200  13:04  Marine x4  
  197  13:11  Orbital Command  
  189  13:15  Ghost x5  
  192  13:24  Liberator x3  
  197  13:35  Orbital Command x2  
  197  13:41  Sensor Tower, Medivac  
  198  13:55  Advanced Ballistics  
  195  14:07  SCV  
  195  14:08  SCV  
  195  14:09  SCV  
  196  14:11  Sensor Tower  
  196  14:21  Neosteel Armor, Marine x4  
  196  14:22  Marine, Hi-Sec Auto Tracking  
  196  14:23  Liberator x2  
  197  14:25  Liberator  
  197  14:28  Liberator  
  197  14:31  Refinery x2  
  184  14:34  Marauder x2  
  184  14:35  Marauder  
  189  14:41  Marine x2  
  189  14:42  Marine x2  
  193  14:50  SCV x3  
  193  14:51  SCV x2  
  198  14:57  Terran Ship Weapons Level 3  
  198  15:06  Missile Turret x2  
  198  15:14  Missile Turret  
  197  15:19  Liberator  
  198  15:24  Command Center x2, Missile Turret  
  182  15:49  Marauder x2, Orbital Command  
  163  15:51  Marine x2  
  163  15:52  Marauder x2  
  163  15:56  Marauder  
  156  15:59  Marine x2  
  158  16:10  SCV  
  158  16:11  SCV  
  160  16:12  SCV x2  
  160  16:14  Medivac  
  164  16:23  SCV  
  165  16:29  Liberator  
  165  16:30  Liberator  
  170  16:37  Marauder x4  
  178  16:46  Marine x4  
  182  16:51  Liberator  
  182  16:52  Liberator  
  187  17:12  Liberator x2  
  187  17:14  Marine x2  
  186  17:34  Liberator  
  186  17:35  Medivac  
  191  17:38  Marauder x2  
  191  17:41  Marauder x2  
  198  17:44  Marine x2  
  198  17:45  Marine x2  
  198  17:50  Marauder, Orbital Command x2  
  198  17:55  Medivac x2  
  193  17:59  Marauder  
  193  18:04  Medivac  
  184  18:10  Marine x2  
  159  18:13  Marauder x2  
  143  18:20  Marine x2  
  113  18:30  Marine  
  113  18:32  Marine  
  87  18:47  Marauder x2  
  72  18:48  Marauder  
  72  18:51  Marauder  
  72  18:55  Marine, Marauder  
  60  18:57  Marine x2  
  60  18:59  Marine  
  58  19:14  Marauder x4  
  58  19:16  Orbital Command  
  64  19:21  Marauder  
  66  19:29  Marine x2  
  67  19:36  Marauder x2  
  70  19:48  Marine  
  71  19:53  Marine  
Tags
 
Add a new tag
Caveats
  • Supply blocks, unpowered buildings, or Contaminate may cause inaccurate times.
  • Supply counts are checked every 10 seconds.